 Dungeon Crawl Stone Soup version 0.29.0-13-gc9e81de378 (webtiles) character file.

Game seed: 16932854937913609327

26520 freelancePsychic the Severer (level 13, -1/125 HPs)
             Began as a Meteoran Berserker on Sept 10, 2022.
             Was a High Priest of Trog.
             Slain by a swamp worm (12 damage)
             ... called by a spriggan druid
             ... on level 3 of the Lair of Beasts.
             The game lasted 00:20:47 (3487 turns).

freelancePsychic the Severer (Meteoran Berserker)   Turns: 3487, Time: 00:20:48

Health: -1/125     AC: 22    Str: 23    XL:     13   Next: 97%
Magic:  14/14      EV: 12    Int:  9    God:    Trog [*****.]
Gold:   250        SH:  0    Dex: 15    Spells: 12/12 levels left

rFire   . . .      SeeInvis .   I - +4 battleaxe (flame)
rCold   . . .      Faith    .   (shield currently unavailable)
rNeg    . . .      Spirit   .   l - +0 plate armour
rPois   .          Reflect  .   (no helmet)
rElec   .          Harm     .   c - +2 cloak
rCorr   .          Rampage  ∞   (no gloves)
Will    +++..                   B - +3 pair of seven-league boots {Rampage+∞}
Stlth   ..........              x - amulet of regeneration
HPRegen 2.10/turn               C - +4 ring of evasion
MPRegen 0.14/turn               (no ring)

@: strong-willed, on berserk cooldown, regenerating, slowed, glowing, very slow
A: sense surroundings 2, otherworldly, glowing, explore regen
a: Renounce Religion, Berserk, Trog's Hand, Brothers in Arms


You were on level 3 of the Lair of Beasts.
You worshipped Trog.
Trog was extremely pleased with you.
You visited 3 branches of the dungeon, and saw 14 of its levels.
You also visited: Sewer and Ossuary.

You collected 411 gold pieces.
You spent 161 gold pieces at shops.

Inventory:

Hand Weapons
 s - a +1 vorpal flail
 t - a +3 spectral broad axe
 I - a +4 battleaxe of flaming (weapon)
Missiles
 i - 5 poisoned darts
 r - 3 curare-tipped darts
 v - 2 javelins (quivered)
Armour
 b - a +1 animal skin
 c - a +2 cloak (worn)
 l - a +0 plate armour (worn)
 q - a +0 troll leather armour {Pargi}
 B - the +3 pair of seven-league boots (worn) {Rampage+∞}
   (You found it on level 1 of the Lair of Beasts)

   Its wearer moves as far as possible in that direction when moving towards
   enemies.
 D - a +2 buckler
Jewellery
 x - an amulet of regeneration (around neck)
 C - a +4 ring of evasion (left hand)
 G - a ring of ice
 H - a ring of ice
Wands
 u - a wand of polymorph (3)
 y - a wand of paralysis (10)
 z - a wand of flame (9)
 F - a wand of iceblast (4)
Scrolls
 a - 4 scrolls of teleportation {@r4}
 d - a scroll of immolation
 j - a scroll of poison
 m - a scroll of noise
 n - 2 scrolls of enchant armour
 E - a scroll of butterflies
Potions
 e - 3 potions of might
 f - 2 potions of degeneration {unknown}
 g - 2 potions of heal wounds {@q2}
 h - 3 potions of curing {unknown}
 k - 3 potions of mutation {unknown}
 o - 2 potions of brilliance {unknown}
 p - 2 potions of flight {unknown}
 w - a potion of haste {unknown}
 A - a potion of ambrosia {unknown}


   Skills:
 + Level 14.4 Fighting
 - Level 17.6(18.0) Axes
 - Level 5.8(13.7) Maces & Flails
 + Level 10.5 Armour
 - Level 2.4 Dodging
 - Level 4.0 Shields


You had 12 spell levels left.
You didn't know any spells.
Your spell library was empty.

Dungeon Overview and Level Annotations

Branches:
Dungeon (10/15) Zot: 3626    Lair (3/5) D:10 Zot: 939   Swamp (1/4) Lair:3 Zot: 565
  Sewer (visited)         Ossuary (visited)
 Temple: D:4-7        Snake: Lair:2-3    Spider: Lair:2-3       Orc: D:9-12

Altars:
Dithmenos
Zin

Shops:
D:2 (   D:8 *

Annotations:
D:4 1 runed translucent door


Innate Abilities, Weirdness & Mutations

You passively map the area around you.
You are easily found by Zot.
You glow in the dark.
You regain HP and MP as you explore.


Message History

The one-headed hydra is almost dead.
Your two-headed ogre hits the one-headed hydra with a +0 giant club!!!
The one-headed hydra dies!
Trog accepts your kill. The grasping roots constrict you!
* * * LOW HITPOINT WARNING * * *
You escape the roots grasp.
You stride towards the swamp worm!
You completely miss the swamp worm.
The swamp worm bites you but does no damage.
Your two-headed ogre hits the shambling mangrove with a +0 giant club!!
Your two-headed ogre hits the shambling mangrove with a +0 giant club!!!
You stride towards the swamp worm!
You enter the shallow water.
Moving in this stuff is going to be slow.
You slash the swamp worm! You burn the swamp worm.
The swamp worm is heavily wounded.
You slice the swamp worm!! You burn the swamp worm.
The swamp worm bites you but does no damage.
Your two-headed ogre hits the shambling mangrove with a +0 giant club!!!
The shambling mangrove is destroyed!
Trog accepts your kill.
The swamp worm bites you but does no damage.
The swamp worm closely misses you.
Things that are here:
a +0 quarterstaff; a +0 robe The swamp worm attacks as you move away!
The swamp worm bites you but does no damage.
You feel a strong urge to attack something.
The swamp worm bites you.
* * * LOW HITPOINT WARNING * * *
There is a staircase back to the Lair, spattered with blood here.
The swamp worm barely misses you.
You climb upwards.
Welcome back to the Lair of Beasts!
You feel your anger nearly subside.
You are no longer berserk.
You are exhausted.
You feel yourself slow down.
There is a staircase to the Swamp, spattered with blood here.
You feel much better. The swamp worm bites you! The swamp worm bites you!!
* * * LOW HITPOINT WARNING * * *
The swamp worm bites you!
You die...

.♣ * .♣ #...♣♣~..~♣♣.†..........
## #######...♣♣≈♣.~♣♣............
, ,..........♣♣≈..~♣♣............
.. ..........♣♣≈.♣~♣♣............
...#.........♣♣♣§.≈♣♣............
.............♣♣~♣†♣♣♣............
.............♣♣~..~♣♣............
..........<...♣ww.§♣.............
..............♣≈@§§♣..††...#.....
............P.♣≈§§§♣.............
...........##.♣♣♣♣♣♣.............
.......#...# .♣ ♣.<#.#....#...
...........##.## ##.###P#.#.##.
............##.# ### ########.
............#.# ##
..............# ..............#


You could see 2 swamp worms.

Vanquished Creatures
  An eleionoma (Lair:3)
  Fannar (Lair:3)
  A boulder beetle (Lair:1)
  2 hydras
  Erica (D:8)
  A death yak (Lair:3)
  A spriggan druid (Swamp:1)
  A bog body (Lair:3)
  Pikel (D:8)
  2 black mambas
  Maurice (D:8)
  A guardian serpent (Lair:1)
  Joseph (D:8)
  6 cane toads
  A rime drake (Lair:3)
  2 komodo dragons
  A troll (D:8)
  3 polar bears
  A hornet (D:8)
  13 blink frogs
  2 dream sheep
  28 yaks
  2 spriggans (Swamp:1)
  4 wyverns
  A basilisk (D:10)
  3 swamp worms (Lair:3)
  11 water moccasins
  Pargi (Sewer)
  A sky beast (D:6)
  An ogre (D:5)
  9 wolves
  A lemure (D:8)
  2 centaurs (D:8)
  2 elf zombies (Ossuary)
  3 kobold brigands (D:8)
  7 bullfrogs
  2 scorpions
  5 wights
  5 killer bees (D:9)
  An electric eel (Lair:3)
  A jelly (D:6)
  3 orc priests
  A human zombie (Ossuary)
  2 iguanas (D:6)
  9 orc wizards
  2 mummies (Ossuary)
  2 adders
  2 adder zombies (Ossuary)
  28 orcs
  3 ball pythons (D:4)
  4 giant cockroaches
  4 goblins
  3 hobgoblins
  A jackal (Sewer)
  6 quokkas
  7 bats
  4 frilled lizards
  A goblin zombie (Ossuary)
  6 hobgoblin zombies (Ossuary)
  2 jackal zombies (Ossuary)
  10 kobolds
  11 kobold zombies (Ossuary)
  10 orc zombies (Ossuary)
  3 rats
  2 rat zombies (Ossuary)
260 creatures vanquished.

Vanquished Creatures (collateral kills)
  An eleionoma (Swamp:1)
  A shambling mangrove (Swamp:1)
  A hydra (Swamp:1)
  An alligator (Swamp:1)
  A goliath frog (Swamp:1)
  A swamp worm (Swamp:1)
6 creatures vanquished.

Vanquished Creatures (others)
  7 fungi
  18 plants
25 creatures vanquished.

Grand Total: 291 creatures vanquished

Notes
Turn   | Place    | Note
-------+----------+-------------------------------------------
     0 | D:1      | freelancePsychic the Meteoran Berserker began the quest for
                  | the Orb.
     0 | D:1      | Reached XP level 1. HP: 19/19 MP: 2/2
    93 | D:1      | Reached XP level 2. HP: 22/26 MP: 3/3
   239 | D:2      | Reached skill level 5 in Maces & Flails
   239 | D:2      | Reached XP level 3. HP: 33/33 MP: 4/4
   242 | D:2      | Reached XP level 4. HP: 36/40 MP: 5/5
   315 | D:2      | Found Pisif's Antique Weapon Boutique.
   487 | D:2      | Reached skill level 1 in Axes
   487 | D:2      | Reached XP level 5. HP: 33/46 MP: 6/6
   540 | D:2      | Reached ** piety under Trog
   660 | D:3      | Found a glowing drain.
   666 | Sewer    | Entered a sewer
   673 | Sewer    | Reached skill level 2 in Axes
   709 | Sewer    | Noticed Pargi
   717 | Sewer    | Killed Pargi
   718 | Sewer    | Reached skill level 3 in Axes
   718 | Sewer    | Reached XP level 6. HP: 53/53 MP: 7/7
   967 | D:4      | Reached skill level 4 in Axes
  1090 | D:4      | Reached skill level 5 in Fighting
  1107 | D:5      | Entered Level 5 of the Dungeon
  1107 | D:5      | Noticed an ogre
  1225 | D:4      | Found a large runed translucent door.
  1410 | D:2      | Bought a glowing broad axe for 161 gold pieces
  1464 | D:4      | Reached XP level 7. HP: 61/61 MP: 8/8
  1520 | D:5      | Reached skill level 5 in Axes
  1599 | D:6      | Reached skill level 6 in Axes
  1693 | D:7      | Found a sand-covered staircase.
  1698 | D:7      | Reached XP level 8. HP: 68/70 MP: 9/9
  1705 | D:7      | Reached skill level 7 in Axes
  1708 | Ossuary  | Entered an ossuary
  1735 | Ossuary  | Reached *** piety under Trog
  1875 | Ossuary  | Reached skill level 8 in Axes
  1919 | D:7      | Found a shadowy altar of Dithmenos.
  1980 | D:8      | Noticed a hornet
  1986 | D:8      | Killed a hornet
  1987 | D:8      | Reached skill level 9 in Axes
  1987 | D:8      | Gained mutation: You passively map the area around you.
                  | [Meteoran growth]
  1987 | D:8      | Reached XP level 9. HP: 58/79 MP: 10/10
  2006 | D:8      | Noticed Erica
  2016 | D:8      | Killed Erica
  2017 | D:8      | Reached skill level 10 in Axes
  2025 | D:8      | Noticed Maurice
  2037 | D:8      | Reached **** piety under Trog
  2045 | D:8      | Killed Maurice
  2046 | D:8      | Reached skill level 11 in Axes
  2046 | D:8      | Reached XP level 10. HP: 90/90 MP: 11/11
  2098 | D:8      | Reached skill level 12 in Axes
  2098 | D:8      | Noticed Pikel
  2104 | D:8      | Killed Pikel
  2169 | D:8      | Found Xiskaene's Demolitions Depot.
  2173 | D:8      | Noticed Joseph
  2181 | D:8      | Killed Joseph
  2182 | D:8      | Reached skill level 13 in Axes
  2265 | D:8      | Reached skill level 10 in Fighting
  2304 | D:8      | Reached XP level 11. HP: 93/99 MP: 12/12
  2418 | D:9      | Reached skill level 14 in Axes
  2453 | D:9      | Reached ***** piety under Trog
  2472 | D:9      | Found a glowing silver altar of Zin.
  2532 | D:10     | Entered Level 10 of the Dungeon
  2571 | D:10     | Found a staircase to the Lair.
  2585 | D:10     | Reached skill level 15 in Axes
  2601 | Lair:1   | Entered Level 1 of the Lair of Beasts
  2642 | Lair:1   | Noticed a boulder beetle
  2657 | Lair:1   | Killed a boulder beetle
  2710 | Lair:1   | Noticed a guardian serpent
  2718 | Lair:1   | Killed a guardian serpent
  2727 | Lair:1   | Found the +3 pair of seven-league boots {Rampage+∞}
  2829 | Lair:1   | Reached skill level 16 in Axes
  2859 | Lair:2   | Reached XP level 12. HP: 60/110 MP: 13/13
  2883 | Lair:1   | Reached skill level 17 in Axes
  2915 | Lair:2   | Reached skill level 1 in Shields
  3092 | Lair:3   | Reached skill level 5 in Armour
  3183 | Lair:3   | Reached XP level 13. HP: 103/118 MP: 14/14
  3190 | Lair:3   | Noticed a death yak
  3196 | Lair:3   | Killed a death yak
  3206 | Lair:3   | Identified the +0 robe of Doomed Intercession {Harm rC-
                  | Int+2}
  3298 | Lair:3   | Noticed a four-headed hydra
  3309 | Lair:3   | Killed a 13-headed hydra
  3332 | Lair:3   | Noticed Fannar
  3335 | Lair:3   | Killed Fannar
  3395 | Lair:3   | Received a gift from Trog
  3397 | Lair:3   | Found a staircase to the Swamp.
  3414 | Swamp:1  | Entered Level 1 of the Swamp
  3414 | Swamp:1  | Noticed an eleionoma
  3416 | Swamp:1  | Noticed an alligator
  3423 | Swamp:1  | Killed an eleionoma
  3425 | Swamp:1  | Killed an alligator
  3427 | Swamp:1  | Noticed an eleionoma
  3433 | Swamp:1  | Noticed a five-headed hydra
  3464 | Lair:3   | Killed an eleionoma
  3469 | Swamp:1  | Noticed a four-headed hydra
  3471 | Swamp:1  | Killed a one-headed hydra
  3472 | Swamp:1  | Reached skill level 10 in Armour
  3474 | Swamp:1  | Noticed a shambling mangrove
  3479 | Swamp:1  | Killed a one-headed hydra
  3479 | Swamp:1  | HP: 8/186 [constriction (16)]
  3483 | Swamp:1  | Killed a shambling mangrove
  3487 | Lair:3   | Slain by a swamp worm

Illustrated notes

Levels and vault maps discovered:
D:1:      dpeg_arrival_erosion, layout_basic, chequers_ecumenical_altar_grove,
          minmay_hedge_maze
D:2:      minmay_door_path, layout_loops_ring, serial_shops,
          nicolae_shop_hallway_plus
D:3:      layout_rooms, cheibrodos_sewer_entry_bend, uniq_terence
D:4:      layout_basic, jmf_multi_god_temple2
D:5:      layout_rooms, st_stairs_10
D:6:      layout_gridville, kennysheep_small_square, uniq_grinder
D:7:      minmay_the_grid_triangle_9x9_rhombus_thin
          [minmay_the_grid_triangle_9x9_empty,
          minmay_the_grid_triangle_9x9_prize_schism,
          minmay_the_grid_triangle_9x9_steps,
          minmay_the_grid_triangle_9x9_checkered], layout_basic,
          nicolae_dithmenos_shadow_blocks, minmay_temple_entry_arrows,
          nicolae_ossuary_entry_ruins, grunt_tough_drop
D:8:      layout_rooms, nicolae_blasting_shop, minmay_increasing_density,
          uniq_pikel, uniq_joseph, uniq_maurice, uniq_erica
D:9:      layout_loops_ring, zin_academy, tso_oasis_becter
D:10:     layout_long_grid, trog_book, mainiacjoe_overflow_alcove_2,
          lemuel_coloured_pillars_altar, minmay_lair_entry_grove
Lair:1:   layout_hall_layers, hellmonk_guarded_unrand_seven_league_boots,
          uniq_amaemon
Lair:2:   layout_misc_corridors, nicolae_spider_entry_non_spiders, pond
Lair:3:   nzn_winding_woodlands_small [nzn_winding_woodlands_5x15_cabin,
          nzn_winding_woodlands_center_diamonds,
          nzn_winding_woodlands_5x15_pool], layout_cave_shapes,
          nicolae_swamp_entry_splash_gauntlet, kennysheep_catoblepas_arena,
          uniq_fannar
Swamp:1:  nicolae_swamp_wrong_neighborhood, layout_basic_swamp,
          infiniplex_staircase_pool

Skill      XL: |  1  2  3  4  5  6  7  8  9 10 11 12 13 |
---------------+----------------------------------------+-----
Maces & Flails | 5 |  5.8
Fighting       | 4 5 7 8 10 11 12 14 | 14.4
Axes           | 1 3 4 6 9 11 13 16 17 | 17.6
Shields        | 4 |  4.0
Armour         | 5 10 | 10.5
Dodging        | |  2.4

Action                   |  1- 3 |  4- 6 |  7- 9 | 10-12 | 13-15 || total
-------------------------+-------+-------+-------+-------+-------++-------
Melee: Mace              |    39 |   113 |       |       |       ||   152
       Punch             |       |     1 |       |     1 |       ||     2
       Flail             |       |    10 |       |       |       ||    10
       Broad axe         |       |     6 |   125 |   199 |    54 ||   384
       Battleaxe         |       |       |       |       |    24 ||    24
Throw: Dart              |       |       |     2 |     1 |       ||     3
Invok: Berserk           |     2 |     2 |     2 |     3 |     3 ||    12
       Trog's Hand       |       |       |     2 |     2 |     2 ||     6
       Brothers in Arms  |       |       |       |       |     2 ||     2
  Use: Scroll            |     7 |     2 |     5 |     1 |       ||    15
       Potion            |       |       |       |     1 |     1 ||     2
 Stab: Distracted        |       |       |     1 |     6 |       ||     7
Armor: Animal skin       |    21 |     1 |       |       |       ||    22
       Ring mail         |       |    43 |       |       |       ||    43
       Plate armour      |       |    37 |    69 |    79 |    56 ||   241
       Skin              |       |       |     5 |       |       ||     5
Dodge: Dodged            |    18 |    37 |    26 |    40 |    27 ||   148
Block: Buckler           |       |       |       |    14 |    16 ||    30
